 Dungeon Crawl Stone Soup version 0.18-a0-1772-gce6d5cf (webtiles) character file.

127 Sixotanaka the Chiller (level 5, -1/35 HPs)
             Began as a Merfolk Ice Elementalist on Apr 10, 2016.
             Slain by a hobgoblin (2 damage)
             ... on level 3 of the Dungeon on Apr 14, 2016.
             The game lasted 00:07:36 (2423 turns).

Sixotanaka the Chiller (Merfolk Ice Elementalist)   Turns: 2423, Time: 00:07:36

Health: -1/35      AC:  2    Str:  9    XL:     5   Next: 11%
Magic:  5/8        EV: 13    Int: 15    God:
Gold:   140        SH:  0    Dex: 14    Spells: 2 memorised, 5 levels left

rFire  . . .     SeeInvis .     w - +0 glaive
rCold  . . .     Gourm    .     a - +0 robe
rNeg   . . .     Faith    .     (shield currently unavailable)
rPois  .         Spirit   .     (no helmet)
rElec  .         Dismiss  .     (no cloak)
rCorr  .         Reflect  .     (no gloves)
SustAt .         Harm     .     (no boots)
MR     .....                    (no amulet)
Stlth  ++........               (no ring)
                                (no ring)

@: very slightly contaminated, not resistant to hostile enchantments, unstealthy
A: change form in water, swift swim
a: no special abilities


You were on level 3 of the Dungeon.
You were hungry.

You visited 1 branch of the dungeon, and saw 4 of its levels.

You collected 140 gold pieces.


   Skills:
 - Level 2.6 Dodging
 - Level 2.1 Stealth
 - Level 2.0 Spellcasting
 - Level 0.7 Conjurations
 + Level 6.2 Ice Magic


You had 5 spell levels left.
You knew the following spells:

 Your Spells              Type           Power        Failure   Level  Hunger
x - Throw Frost           Conj/Ice       ##....       12%         2    ###....
z - Freeze                Ice            ###.         1%          1    #......


Dungeon Overview and Level Annotations

Branches:
Dungeon (4/15)
 Temple: D:4-7

Altars:
Ashenzari

Annotations:
D:3 Sigmund, Terence
D:4 Pikel

Inventory:

Hand Weapons
 w - a +0 glaive (weapon)
Missiles
 r - 23 poisoned needles
Armour
 a - a +0 robe (worn)
Jewellery
 d - an uncursed ring of positive energy {unknown}
Wands
 x - a wand of lightning (7/15)
Scrolls
 e - 3 scrolls of recharging {unknown}
 f - 3 scrolls of teleportation {unknown}
 k - 3 scrolls of blinking {unknown}
 l - 2 scrolls of enchant armour {unknown}
 n - a scroll of immolation {unknown}
 o - a scroll of enchant weapon {unknown}
 p - 3 scrolls of remove curse {unknown}
 q - 4 scrolls of identify {unknown}
 u - a scroll of amnesia {unknown}
 v - a scroll of noise {unknown}
Potions
 h - a potion of invisibility {unknown}
 i - a potion of haste {unknown}
 j - a potion of flight {unknown}
 t - a potion of cure mutation {unknown}
Books
 b - a book of Frost
Comestibles
 c - 3 bread rations
 g - 3 chunks of flesh
 m - 2 meat rations
 s - a beef jerky
 z - a slice of pizza

##...############### #.
.................... #.
...............#### .#
..................###..#
.#......................
.#............###..... #
...........)).#####_####
..............###.....##
....##........og@.......
..
#..............#########
#.. .##...##.......# ##.
...##..........# #.
.....##........# ##
.......##.....## ..$
#)............# ...
..............# ...
#######.......# ...


You could see an orc and a hobgoblin.


Message History

The goblin shouts!
The goblin hits you but does no damage.
An orc comes into view. It is wielding a hand axe.
You closely miss the goblin. The goblin closely misses you.
The orc moves out of view.
The goblin closely misses you.
Casting: Freeze
Aiming: Freeze
Aim: a goblin, wielding a club You freeze the goblin.
You kill the goblin!
You miss the goblin. The goblin hits you with a club.
The goblin hits you but does no damage.
Casting: Freeze
Aiming: Freeze
Aim: a goblin, wielding a club You freeze the goblin.
You kill the goblin!
Things that are here:
a club; a goblin corpse You butcher the goblin corpse.
g - 2 chunks of flesh (gained 1)
You see here a club.
Things that are here:
a club; a goblin corpse You butcher the goblin corpse.
g - 3 chunks of flesh (gained 1)
You see here a club.
Found a shattered altar of Ashenzari.
You now have 140 gold pieces (gained 11).
An orc is nearby!
An orc is nearby!
z - a slice of pizza
f - 3 scrolls labeled LAUJIU XEGROF (gained 1)
The orc is too close now for your liking.
An orc is nearby!
The orc shouts!
A hobgoblin comes into view.
You see here a club.
You barely miss the orc. The orc hits you with a hand axe.
You closely miss the orc.
The hobgoblin shouts!
The orc barely misses you. The orc hits you with a hand axe!
You barely miss the orc. The orc hits you with a hand axe.
You hit the hobgoblin. The orc hits you with a hand axe.
* * * LOW HITPOINT WARNING * * *
The hobgoblin hits you.
* * * LOW HITPOINT WARNING * * *
The orc hits you but does no damage. The hobgoblin closely misses you.
Unknown command.
Casting: Freeze
Aiming: Freeze
Aim: an orc, wielding a hand axe and wearing a leather armour You freeze the orc.
The hobgoblin hits you.
* * * LOW HITPOINT WARNING * * *
The orc hits you with a hand axe!
* * * LOW HITPOINT WARNING * * *
Casting: Freeze
Aiming: Freeze
Aim: a hobgoblin (moderately wounded)
You miscast Freeze.
You are very lightly contaminated with residual magic.
Nothing appears to happen.
You are feeling hungry.
The hobgoblin hits you.
* * * LOW HITPOINT WARNING * * *
Casting: Freeze
Aiming: Freeze
Aim: a hobgoblin (moderately wounded)
You freeze the hobgoblin. The hobgoblin hits you.
You die...

Action                   |  1- 3 |  4- 6 || total
-------------------------+-------+-------++-------
Melee: Unarmed           |     3 |     1 ||     4
       Glaive            |       |    27 ||    27
       Flail             |       |     1 ||     1
 Cast: Freeze            |    26 |       ||    26
       Freeze            |    28 |    30 ||    58
       Throw Frost       |     4 |     4 ||     8
 Stab: Sleeping          |       |     1 ||     1
  Eat: Chunk             |     3 |     2 ||     5
       Pizza             |     1 |       ||     1
Armor: Skin              |       |     6 ||     6
       Robe              |       |     7 ||     7
Dodge: Dodged            |    19 |    33 ||    52

Vault maps used:
D:1:      minmay_arrival_glassed_features
D:3:      cheibrodos_ashenzari_chains, hangedman_decor_peaks_small,
          uniq_natasha, uniq_terence, uniq_sigmund
D:4:      grunt_temple_overflow_opulence, gammafunk_temple_overflow_statue,
          nicolae_overflow_crystal_walls, uniq_pikel

Notes
Turn   | Place    | Note
--------------------------------------------------------------
     0 | D:1      | Sixotanaka the Merfolk Ice Elementalist began the quest for the Orb.
     0 | D:1      | Reached XP level 1. HP: 13/13 MP: 3/3
   200 | D:1      | Reached XP level 2. HP: 11/19 MP: 0/5
   239 | D:1      | Reached skill level 4 in Ice Magic
   569 | D:1      | Upgraded the game from 0.18-a0-1734-gd6a56e4 to 0.18-a0-1772-gce6d5cf
   584 | D:1      | Learned a level 2 spell: Throw Frost
   686 | D:1      | Reached XP level 3. HP: 22/24 MP: 3/6
  1114 | D:2      | Reached skill level 5 in Ice Magic
  1671 | D:3      | Noticed Terence
  1720 | D:2      | Reached XP level 4. HP: 30/30 MP: 0/7
  1772 | D:3      | Noticed Sigmund
  1909 | D:3      | You fall through a shaft!
  2015 | D:4      | Noticed a slave
  2016 | D:4      | Noticed Pikel
  2016 | D:4      | Noticed a slave
  2016 | D:4      | Noticed a slave
  2050 | D:4      | Killed a slave
  2320 | D:3      | Noticed Natasha
  2331 | D:3      | Killed Natasha
  2331 | D:3      | Reached skill level 6 in Ice Magic
  2331 | D:3      | Reached XP level 5. HP: 35/35 MP: 3/8
  2384 | D:3      | zzxc: I hear you got shafted
  2386 | D:3      | Found a shattered altar of Ashenzari.
  2417 | D:3      | HP: 3/35 [orc/hand axe (7)]
  2422 | D:3      | HP: 1/35 [hobgoblin (2)]
  2423 | D:3      | Slain by a hobgoblin

Vanquished Creatures
  A slave (D:4)
  Natasha (D:3)
  2 gnolls (D:2)
  2 adders
  3 worms
  2 dart slugs (D:1)
  A giant gecko (D:3)
  An orc (D:3)
  8 bats
  10 goblins
  8 hobgoblins
  3 jackals (D:4)
  6 kobolds
  A giant newt (D:1)
  2 rats (D:2)
51 creatures vanquished.
